 Dungeon Crawl Stone Soup version 0.21.0-3-g78d12a8 (console) character file.

534364 removed the Slayer (level 26, -15/238 HPs)
             Began as a Barachi Venom Mage on Jan 8, 2018.
             Was the Champion of Makhleb.
             Demolished by an ettin
             ... wielding a +0 dire flail
              (28 damage)
             ... while paralysed by a floating eye
             ... on level 4 of the Depths on Jan 9, 2018.
             The game lasted 04:11:50 (81109 turns).

removed the Slayer (Barachi Venom Mage)            Turns: 81109, Time: 04:11:50

Health: -15/238    AC: 22    Str: 14    XL:     26   Next: 32%
Magic:  0/52       EV:  2    Int: 25    God:    Makhleb [******]
Gold:   4502       SH:  0    Dex: 16    Spells: 18/58 levels left

rFire    + . .     SeeInvis .   A - +9 demon blade (vamp)
rCold    + + +     Gourm    .   o - +2 buckler
rNeg     . . .     Faith    .   O - +4 moon troll leather armour {Spirit, Regen++ MP+5}
rPois    +         Spirit   +   z - +0 Maxwell's etheric cage {RegenMP+ *Contam rElec MP+4}
rElec    +         Reflect  .   d - +2 cloak {rF+}
rCorr    .         Harm     .   n - +2 pair of gloves {Str+3}
MR       ++...                  I - +0 pair of boots
Stlth    ++........             i - amulet of Brilliance {+Inv rC++ Regen+}
HPRegen  2.69/turn              C - +4 ring of protection MPRegen 0.83/turn*
                                m - ring of protection from magic

@: paralysed, can't hop, regenerating (expiring), slow
A: +LOS, swims, repulsion field 1, clever 1, cold resistance 1, poison
resistance, slowness 1, strong legs 2
}: 2/15 runes: decaying, gossamer
a: Hop, Minor Destruction, Lesser Servant of Makhleb, Major Destruction, Greater
Servant of Makhleb, Renounce Religion, Evoke Invisibility


You were on level 4 of the Depths.
You worshipped Makhleb.
Makhleb was exalted by your worship.
You were not hungry.

You visited 11 branches of the dungeon, and saw 47 of its levels.
You also visited: Trove, Ice Cave, Volcano and Wizlab.

You collected 6460 gold pieces.
You spent 1958 gold pieces at shops.

Inventory:

Hand Weapons
 a - the +6 demon blade of Destruction {elec, rF+}
   (You acquired it on level 15 of the Dungeon)

   Occasionally, upon striking a foe, it will discharge some electrical energy
   and cause terrible harm.
   It protects you from fire.
 b - the +9 sword of Zonguldrok {reap}
   (You took it off an orc warrior on level 3 of the Elven Halls)

   If a monster killed with it leaves a corpse in good enough shape, the corpse
   will be animated as a zombie friendly to the killer.
 A - a +9 vampiric demon blade (weapon)
 S - the +6 dagger of Indomitability {pierce, *Drain Str+4 Int+3, unknown}
   (You took it off a tengu conjurer on level 3 of the Depths)

   It inflicts extra damage upon your enemies.
   It affects your strength (+4).
   It affects your intelligence (+3).
   It causes draining when unequipped.
Missiles
 M - 5 throwing nets (quivered)
 X - 4 curare-tipped needles
Armour
 d - a +2 cloak of fire resistance (worn)
 n - a +2 pair of gloves of strength (worn)
 o - a +2 buckler (worn)
 z - the +0 Maxwell's etheric cage (worn) {RegenMP+ *Contam rElec MP+4}
   (You acquired it on level 3 of the Depths)

   It insulates you from electricity.
   It affects your magic capacity (+4).
   It causes magical contamination when unequipped.
 I - a +0 pair of boots (worn)
 O - the +4 moon troll leather armour (worn) {Spirit, Regen++ MP+5}
   (You took it off a moon troll in a wizard's laboratory)

   It affects your magic capacity (+5).
   It increases your rate of regeneration.
Jewellery
 c - an uncursed ring of protection from cold
 e - the ring "Xidgheid" {rElec rF- rN+ MR+}
   (You found it on level 3 of the Crypt)

   [ring of positive energy]

   It makes you vulnerable to fire.
   It insulates you from electricity.
   It protects you from negative energy.
   It affects your resistance to hostile enchantments.
 i - the amulet of Brilliance (around neck) {+Inv rC++ Regen+}
   (You took it off a fire giant on level 3 of the Depths)

   [amulet of regeneration]

   It greatly protects you from cold.
   It lets you turn invisible.
   It increases your rate of regeneration.
 m - a ring of protection from magic (right hand)
 p - an uncursed ring of poison resistance
 t - an uncursed amulet of harm
 v - a +3 ring of evasion
 C - a +4 ring of protection (left hand)
Wands
 f - a wand of acid (11)
 l - a wand of scattershot (5)
 y - a wand of digging (56)
 W - a wand of disintegration (66)
 Z - a wand of iceblast (36)
Scrolls
 h - 7 scrolls of teleportation
 j - 4 scrolls of enchant armour
 k - 12 scrolls of identify
 s - 3 scrolls of holy word
 u - 2 scrolls of magic mapping
 D - 5 scrolls of enchant weapon
 E - 8 scrolls of fog
 G - 19 scrolls of remove curse
 N - 2 scrolls of summoning
 R - a scroll of amnesia
 U - 11 scrolls of fear
 Y - 6 scrolls of blinking
Potions
 g - 9 potions of ambrosia
 q - a potion of berserk rage
 x - 6 potions of brilliance
 B - 3 potions of resistance
 F - 6 potions of magic
 H - 5 potions of mutation
 J - 12 potions of might
 K - 9 potions of heal wounds
 L - 12 potions of curing
 P - a potion of cancellation
 Q - 4 potions of agility
 T - 11 potions of haste
 V - 6 potions of flight
Comestibles
 r - 10 chunks of flesh
 w - 32 rations


   Skills:
 - Level 26.1 Fighting
 - Level 16.1 Long Blades
 - Level 6.0 Armour
 - Level 24.5 Dodging
 - Level 1.7 Stealth
 - Level 5.2 Shields
 + Level 16.7 Spellcasting
 - Level 12.0 Conjurations
 + Level 7.3 Charms
 - Level 16.0 Ice Magic
 - Level 10.0 Air Magic
 - Level 8.1 Poison Magic


You had 18 spell levels left.
You knew the following spells:

 Your Spells              Type           Power        Failure   Level  Hunger
a - Sting                 Conj/Pois      ####         1%          1    None
b - Poisonous Vapours     Pois/Air       ######       1%          2    None
c - Throw Icicle          Conj/Ice       ######..     1%          4    None
d - Venom Bolt            Conj/Pois      ######....   1%          5    None
e - Regeneration          Chrm/Necr      #####.....   1%          3    None
f - Freezing Cloud        Conj/Ice/Air   ######....   2%          6    ####...
l - Blink                 Tloc           N/A          4%          2    None
m - Mephitic Cloud        Conj/Pois/Air  ######..     1%          3    None
o - Ozocubu's Armour      Chrm/Ice       ######..     1%          3    None
r - Deflect Missiles      Chrm/Air       ######....   13%         6    ####...
s - Swiftness             Chrm/Air       ######..     1%          2    None
w - Spectral Weapon       Hex/Chrm       #####...     1%          3    None


Dungeon Overview and Level Annotations

Branches:
Dungeon (15/15)            Temple (1/1) D:7            Lair (6/6) D:11
  Swamp (4/4) Lair:2       Spider (4/4) Lair:4        Slime (0/5) Lair:5
    Orc (2/2) D:10            Elf (3/3) Orc:2        Vaults (4/5) D:14
  Crypt (3/3) Vaults:2       Tomb (0/3) Crypt:3      Depths (4/5) D:15
   Hell (1/1)
    Dis: Hell:1         Geh: Hell:1         Coc: Hell:1         Tar: Hell:1

Altars:
Ashenzari
Cheibriados
Dithmenos
Elyvilon
Fedhas
Gozag
Hepliaklqana
Kikubaaqudgha
Makhleb
Nemelex Xobeh
Okawaru
Qazlal
Ru
Sif Muna
Trog
Uskayaw
Vehumet
Wu Jian
Xom
Yredelemnul
Zin
The Shining One
Beogh
Jiyva

Shops:
D:5 !   Orc:2 (([:   Elf:1 ?!   Elf:2 (%[[   Elf:3 }}=   Vaults:3 !
Vaults:4 *   Depths:4 *

Portals:
Hell: Depths:1 Depths:2 Depths:3
Pandemonium: Depths:3

Annotations:
Lair:1 exclusion: oklob plant


Innate Abilities, Weirdness & Mutations

Shadows flee at your approach. (+LOS)
You can swim through water.
You cover ground slowly.
You can hop long distances.
You are surrounded by a mild repulsion field. (EV +2)
Your mind is acute. (Int +2)
Your flesh is cold resistant. (rC+)
Your system is resistant to poisons. (rPois)


Message History

Some rock shatters into small pieces.
The ettin hits you with a dire flail! The ettin hits you with a dire flail!!
* * * LOW HITPOINT WARNING * * *
The floating eye's stare focuses on you.
The ettin hits you with a dire flail!!
* * * LOW HITPOINT WARNING * * *
The ettin hits you with a dire flail!!
* * * LOW HITPOINT WARNING * * *
The tengu reaver hits you but does no damage.
The hell knight completely misses you. The cyan very ugly thing punches you!
* * * LOW HITPOINT WARNING * * *
The cyan very ugly thing shocks you! You resist.
* * * LOW HITPOINT WARNING * * *
The deep troll earth mage casts a spell next to the ettin.
Some rock shatters into small pieces.
The hell knight hits you with an enchanted broad axe!
* * * LOW HITPOINT WARNING * * *
The ettin hits you but does no damage. The ettin hits you with a dire flail!!
You die...

#.# #....#...#.
#.# #....#...' #.#
#....#...# ### #[#
#.>..#...# ... #)#
#....#...#...
#.###....#...#.#.#
#............'....
#puQ*........#. #.
#@C)T........# ..
###.G...####)###'#
#...# #....V.
#...# ###....
#...######....
#..[..........
#####.............
#.................
#.................


You could see a cyan very ugly thing, a tengu reaver, an ettin, a hell knight, a
deep troll earth mage, a floating eye and a battlesphere.

Vanquished Creatures
  Mara (Crypt:1)
  An ancient lich (Depths:3)
  Saint Roka (Elf:3)
  Nikola (Swamp:3)
  Geryon (Hell)
  Jory (Crypt:1)
  3 caustic shrikes (Depths:3)
  A golden dragon (Depths:3)
  Arachne (Spider:3)
  Jorgrun (Swamp:4)
  Rupert (D:12)
  A tentacled monstrosity (Depths:1)
  A moon troll (WizLab)
  A deep elf blademaster (Elf:3)
  2 titans (Depths:3)
  A quicksilver dragon (WizLab)
  4 liches
  2 deep elf master archers (Elf:3)
  5 tentacled starspawn (WizLab)
  3 ancient champions
  Kirke (D:14)
  2 sphinxes
  3 storm dragons
  Frances (D:12)
  A thorn hunter (Swamp:4)
  Donald (Spider:2)
  2 tengu reavers (Depths:3)
  4 revenants
  5 ghost moths (Spider:4)
  2 iron dragons (Depths:3)
  7 deep elf sorcerers
  7 frost giants
  8 emperor scorpions
  7 vault wardens
  5 fire giants
  2 orc warlords (Orc:2)
  2 cacodemons
  5 ghouls
  A curse skull (Crypt:3)
  13 ironheart preservers
  A reaper (Crypt:2)
  21 stone giants
  4 deep elf elementalists (Elf:3)
  3 spriggan defenders
  A war gargoyle (WizLab)
  An entropy weaver (Spider:1)
  The ghost of kegs the Cleaver, a journeyman HOFi of Okawaru (Lair:3)
  11 vampire knights
  4 deep elf demonologists (Elf:3)
  21 very ugly things
  13 deep elf annihilators
  Azrael (D:15)
  3 spark wasps
  A lorocyproca (Depths:1)
  A dire elephant (Lair:5)
  9 ettins
  A spectral quicksilver dragon (Crypt:3)
  5 eidola
  10 fire dragons
  Snorg (D:14)
  13 crystal guardians
  A mummy priest (Crypt:3)
  12 deep elf death magi
  10 jiangshi
  14 yaktaur captains
  Harold (Lair:1)
  9 vault guards
  8 deep elf high priests (Elf:3)
  The ghost of zacerdocio the Carver, a journeyman MiBe of Trog (D:9)
  2 rakshasas
  16 great orbs of eyes
  23 hydras
  Erolcha (D:9)
  9 ice dragons
  3 spriggan air magi (Depths:3)
  4 catoblepae
  A spectral fire giant (Crypt:3)
  8 centaur warriors
  4 tengu warriors
  4 death knights
  7 alligators
  43 two-headed ogres
  17 ogre magi
  6 death yaks (Lair:6)
  5 deep troll shamans
  2 deep troll earth magi
  6 spriggan berserkers
  21 dancing weapons
  7 vampire magi
  2 orc high priests
  27 deep elf knights
  A small abomination (Elf:3)
  5 soul eaters
  An iron troll (Depths:2)
  42 skeletal warriors
  14 shadow wraiths
  8 hell knights
  A wretched star (WizLab)
  2 orange crystal statues
  A sixfirhy (Hell)
  A large abomination (Vaults:2)
  10 flayed ghosts
  6 glowing orange brains
  3 unseen horrors
  14 deep trolls
  A spectral iron dragon (Crypt:3)
  2 spriggan druids
  3 wizards
  A spectral hydra (Crypt:3)
  8 swamp dragons
  21 deep elf archers
  An anaconda skeleton (Crypt:1)
  25 phantasmal warriors
  A storm dragon skeleton (Crypt:3)
  15 ironbrand convokers
  11 orc knights
  5 shambling mangroves
  Pikel (D:9)
  A sphinx zombie (Vaults:2)
  8 harpies
  An orb spider (shapeshifter) (Vaults:3)
  20 orb spiders
  50 ugly things
  7 necromancers
  31 wolf spiders
  78 deep elf magi
  7 cyclopes
  8 orc sorcerers
  2 manticores (Lair:6)
  A wolf spider zombie (Crypt:3)
  A moth of wrath (shapeshifter) (Vaults:4)
  Maurice (D:8)
  A shadow dragon skeleton (Crypt:3)
  An iron dragon skeleton (Crypt:2)
  A water nymph (shapeshifter) (Depths:3)
  2 moths of wrath (Spider:4)
  A storm dragon simulacrum (Vaults:3)
  5 eyes of devastation (WizLab)
  Joseph (D:7)
  2 centaur zombies
  27 elephants
  2 ice statues (IceCv)
  6 torpor snails
  3 black mambas
  A molten gargoyle (Depths:1)
  11 vault sentinels
  A gargoyle (D:14)
  16 spiny frogs
  A smoke demon (Hell)
  An orange demon (Hell)
  2 kobold demonologists (D:12)
  5 rime drakes
  5 spectral swamp worms (Depths:1)
  2 redback zombies (Crypt:1)
  An elephant slug zombie (Crypt:2)
  13 komodo dragons
  14 demonic crawlers
  28 yaktaurs
  9 guardian mummies
  12 freezing wraiths
  3 tengu conjurers
  2 polar bears (Lair:6)
  9 trolls
  4 tyrant leeches
  3 meliai (shapeshifter)
  27 jumping spiders
  52 slime creatures
  Prince Ribbit (D:8)
  A spectral manticore (Crypt:3)
  A raiju (shapeshifter) (Depths:3)
  20 hornets
  A tengu simulacrum (Vaults:2)
  A fire dragon zombie (Crypt:2)
  18 blink frogs
  14 hippogriffs
  7 bog bodies
  A hippogriff (shapeshifter) (Depths:1)
  2 dream sheep (Lair:6)
  80 redbacks
  9 spriggans
  14 flying skulls
  2 water elementals
  A tarantella (shapeshifter) (Vaults:3)
  An alligator skeleton (Crypt:3)
  7 air elementals
  25 tarantellas
  4 wyverns
  12 starcursed masses (WizLab)
  3 wraiths
  10 shadows
  3 basilisks
  A basilisk (shapeshifter) (Depths:1)
  7 fire elementals
  2 yaks (shapeshifter)
  44 yaks
  A hog (shapeshifter) (Depths:1)
  Eustachio (D:6)
  A human (D:14)
  2 neqoxecs (WizLab)
  3 golden eyes (WizLab)
  2 human simulacra
  A steam dragon (D:11)
  20 vampire mosquitoes
  10 hungry ghosts
  3 acid dragons
  9 wargs
  A soldier ant (D:13)
  A soldier ant (shapeshifter) (Elf:3)
  20 swamp worms
  4 hell hounds
  7 water moccasins
  6 porcupines
  A black bear (shapeshifter) (Vaults:3)
  47 orc warriors
  A spiny frog zombie (Crypt:2)
  4 black bears
  A monstrous demonspawn skeleton (Crypt:1)
  2 sky beasts
  11 ice beasts
  An orc zombie (Vaults:1)
  9 swamp drakes
  2 necrophages (Crypt:2)
  61 ogres
  8 boggarts
  4 wolves
  2 human skeletons
  19 centaurs
  13 crocodiles
  An octopode zombie (Crypt:2)
  4 big kobolds
  11 bullfrogs
  A hippogriff zombie (Crypt:2)
  A komodo dragon skeleton (Crypt:3)
  A salamander skeleton (Crypt:3)
  4 earth elementals
  A wyvern zombie (D:13)
  A cyclops skeleton (Crypt:3)
  5 scorpions
  6 killer bees (D:9)
  12 wights
  4 howler monkeys
  2 wolf zombies (Crypt:3)
  6 electric eels
  5 crimson imps
  A black bear zombie (Crypt:1)
  A wolf skeleton (Crypt:1)
  7 hounds
  2 centaur skeletons
  17 orc priests
  9 jellies
  30 orc wizards
  2 bullfrog skeletons
  4 iguanas
  Natasha (thrice) (D:3)
  5 yak simulacra (Lair:4)
  Ijyb (D:3)
  10 worker ants
  3 wolf simulacra (Lair:4)
  A porcupine skeleton (Crypt:3)
  A killer bee zombie (D:4)
  A centaur simulacrum (D:8)
  A felid skeleton (Crypt:2)
  2 mummies (Crypt:3)
  2 hound skeletons
  3 howler monkey zombies
  Robin (D:4)
  15 gnolls
  7 adders
  A hound simulacrum (D:8)
  A steam dragon skeleton (Crypt:1)
  2 shadow imps (D:13)
  17 white imps
  9 oozes
  An adder zombie (D:3)
  An iguana zombie (Crypt:1)
  A lava snake skeleton (Crypt:3)
  An adder skeleton (D:8)
  4 worms
  A dart slug (D:2)
  An adder simulacrum (D:8)
  4 leopard geckos
  131 orcs
  7 giant cockroaches
  14 goblins
  11 hobgoblins
  2 jackals (D:6)
  7 quokkas
  2 ball pythons
  A ball python skeleton (D:4)
  6 bats
  3 frilled lizards
  16 kobolds
  A quokka skeleton (D:6)
  7 rats
  A rat zombie (Crypt:1)
  3 river rat simulacra (Lair:4)
  A briar patch (Swamp:4)
  4 crawling corpses
  5 starspawn tentacles (WizLab)
2236 creatures vanquished.

Vanquished Creatures (collateral kills)
  A stone giant (WizLab)
1 creature vanquished.

Vanquished Creatures (others)
  A fire giant (Depths:3)
  An ironheart preserver (Vaults:2)
  A stone giant (Vaults:3)
  2 centaur warriors
  A deep elf knight (Elf:2)
  A small abomination (Elf:3)
  2 deep elf archers
  2 deep elf magi
  An ugly thing (Vaults:3)
  4 yaktaurs
  A jumping spider (Spider:4)
  A tyrant leech (Swamp:3)
  2 humans (D:15)
  A water moccasin (Lair:2)
  A centaur (D:14)
  A bullfrog (D:15)
  An orc priest (Elf:3)
  An orc (Elf:3)
  64 fungi
  31 plants
  8 spectral weapons
  14 starspawn tentacles (WizLab)
142 creatures vanquished.

Grand Total: 2379 creatures vanquished

Notes
Turn   | Place    | Note
-------+----------+-------------------------------------------
     0 | D:1      | removed the Barachi Venom Mage began the quest for the Orb.
     0 | D:1      | Reached XP level 1. HP: 13/13 MP: 3/3
   368 | D:1      | Reached XP level 2. HP: 19/19 MP: 0/5
  1183 | D:1      | Learned a level 2 spell: Poisonous Vapours
  1194 | D:2      | Reached XP level 3. HP: 22/24 MP: 6/6
  1568 | D:2      | Learned a level 3 spell: Mephitic Cloud
  1742 | D:2      | Reached XP level 4. HP: 30/30 MP: 7/7
  2233 | D:3      | Noticed Natasha
  2244 | D:3      | Killed Natasha
  2455 | D:3      | Reached skill level 5 in Poison Magic
  2455 | D:3      | Reached XP level 5. HP: 31/35 MP: 8/8
  2632 | D:3      | Noticed Natasha
  2635 | D:3      | Killed Natasha
  2702 | D:3      | Noticed Natasha
  2705 | D:3      | Killed Natasha
  2945 | D:3      | Reached XP level 6. HP: 41/41 MP: 10/10
  3411 | D:3      | Noticed Ijyb
  3421 | D:3      | Killed Ijyb
  4489 | D:4      | Reached skill level 1 in Fighting
  4581 | D:4      | Reached skill level 2 in Fighting
  4581 | D:4      | Reached XP level 7. HP: 47/50 MP: 13/13
  4780 | D:4      | Reached skill level 3 in Fighting
  4850 | D:4      | Reached skill level 4 in Fighting
  4986 | D:4      | Found a shadowy altar of Dithmenos.
  5225 | D:4      | Noticed Robin
  5230 | D:4      | Killed Robin
  5324 | D:4      | Identified the Incunabulum of Displaced Darkness
  5450 | D:5      | Entered Level 5 of the Dungeon
  5614 | D:5      | Reached XP level 8. HP: 61/61 MP: 10/14
  5669 | D:4      | Reached skill level 5 in Fighting
  5827 | D:5      | Found Rebu Qim's Distillery.
  5848 | D:5      | Reached skill level 6 in Fighting
  6205 | D:6      | Reached skill level 5 in Dodging
  6595 | D:6      | Noticed Eustachio
  6606 | D:6      | Killed Eustachio
  7525 | D:7      | Reached skill level 7 in Fighting
  7525 | D:7      | Reached XP level 9. HP: 64/72 MP: 15/15
  7531 | D:7      | Found a staircase to the Ecumenical Temple.
  7547 | D:7      | Reached skill level 8 in Fighting
  7565 | Temple   | Entered the Ecumenical Temple
  7844 | Temple   | Became a worshipper of Makhleb the Destroyer
  8189 | D:7      | Reached skill level 9 in Fighting
  8631 | D:7      | Noticed Joseph
  8657 | D:7      | Killed Joseph
  8803 | D:8      | Reached skill level 5 in Long Blades
  8823 | D:8      | Got a distressingly furry robe
  8925 | D:7      | Identified the +3 robe of Gehenna {Int+2 SInv} (You found it on level 8 of the Dungeon)
  9131 | D:8      | Reached * piety under Makhleb
  9622 | D:8      | Found an ancient bone altar of Kikubaaqudgha.
  9631 | D:8      | Reached XP level 10. HP: 74/83 MP: 16/16
  9670 | D:8      | Noticed Prince Ribbit
  9676 | D:8      | Killed Prince Ribbit
  9923 | D:8      | Noticed a two-headed ogre
  9936 | D:8      | Killed a two-headed ogre
 10170 | D:8      | Noticed Maurice
 10186 | D:8      | Killed Maurice
 10186 | D:8      | Reached skill level 10 in Long Blades
 10379 | D:8      | You fall through a shaft for 3 floors!
 10383 | D:10     | Entered Level 10 of the Dungeon
 10646 | D:10     | Reached ** piety under Makhleb
 10861 | D:9      | Noticed zacerdocio's ghost (journeyman MiBe)
 11006 | D:9      | Noticed Erolcha
 11019 | D:9      | Killed Erolcha
 11027 | D:9      | Learned a level 3 spell: Ozocubu's Armour
 11047 | D:9      | Reached skill level 1 in Ice Magic
 11506 | D:9      | Killed zacerdocio's ghost
 11506 | D:9      | Reached skill level 5 in Ice Magic
 11506 | D:9      | Reached XP level 11. HP: 44/89 MP: 17/17
 11825 | D:9      | Noticed Pikel
 11840 | D:9      | Killed Pikel
 11840 | D:9      | Reached skill level 5 in Conjurations
 12372 | D:10     | Found a staircase to the Orcish Mines.
 12437 | D:10     | Learned a level 4 spell: Throw Icicle
 12450 | D:11     | Reached skill level 5 in Spellcasting
 12730 | D:11     | Found a staircase to the Lair.
 13024 | D:11     | Noticed a red ugly thing
 13034 | D:11     | Killed a red ugly thing
 13195 | D:11     | Reached *** piety under Makhleb
 13654 | Lair:1   | Entered Level 1 of the Lair of Beasts
 13675 | Lair:1   | Noticed Harold
 13704 | Lair:1   | Killed Harold
 13985 | Lair:1   | Reached XP level 12. HP: 82/95 MP: 21/21
 14083 | Lair:1   | Found a dark tunnel.
 14089 | Volcano  | Entered a volcano
 14349 | Volcano  | Noticed a centaur warrior
 14362 | Volcano  | Killed a centaur warrior
 14772 | Lair:1   | Noticed a four-headed hydra
 14779 | Lair:1   | Killed a four-headed hydra
 14976 | Lair:1   | You fall through a shaft!
 14976 | Lair:2   | Noticed an eight-headed hydra
 14985 | Lair:2   | Killed an eight-headed hydra
 14985 | Lair:2   | Reached skill level 10 in Conjurations
 15150 | Lair:2   | Noticed a six-headed hydra
 15193 | Lair:2   | Reached skill level 10 in Ice Magic
 15479 | Lair:2   | You fall through a shaft!
 15491 | Lair:3   | Noticed a catoblepas
 15515 | Lair:3   | Killed a catoblepas
 15636 | Lair:3   | Noticed kegs's ghost (journeyman HOFi)
 16067 | Lair:1   | Reached **** piety under Makhleb
 16475 | Lair:2   | Reached skill level 10 in Fighting
 16507 | Lair:2   | Killed a six-headed hydra
 16680 | Lair:2   | Identified a scroll of acquirement
 16707 | Lair:2   | Gained mutation: You can hop long distances. [Barachi growth]
 16707 | Lair:2   | Reached XP level 13. HP: 105/105 MP: 22/25
 16724 | Lair:2   | Reached skill level 11 in Fighting
 17673 | Lair:2   | Found a staircase to the Swamp.
 18403 | Lair:3   | Killed kegs's ghost
 18733 | Lair:3   | Reached skill level 10 in Dodging
 19234 | Lair:4   | Found a frozen archway.
 19276 | IceCv    | Entered an ice cave
 19276 | IceCv    | Found a transporter.
 19494 | IceCv    | Learned a level 2 spell: Swiftness
 19925 | Lair:4   | Found a hole to the Spider Nest.
 20231 | Lair:4   | Reached skill level 12 in Fighting
 20866 | Lair:1   | Learned a level 5 spell: Venom Bolt
 21275 | Lair:5   | Noticed a dire elephant
 21305 | Lair:5   | Killed a dire elephant
 21310 | Lair:5   | Reached XP level 14. HP: 113/115 MP: 4/26
 21444 | Lair:5   | Found a runed door.
 21446 | Lair:5   | Found a viscous altar of Jiyva.
 21448 | Lair:5   | Found a staircase to the Slime Pits.
 21592 | Lair:5   | Reached ***** piety under Makhleb
 22714 | Lair:6   | Entered Level 6 of the Lair of Beasts
 24577 | Lair:6   | Got a faintly glowing broad axe
 24578 | Lair:6   | Identified the +2 broad axe "Banisher" {distort, Dex+3} (You found it on level 6 of the Lair of Beasts)
 26025 | Lair:6   | Reached XP level 15. HP: 106/122 MP: 25/27
 26592 | D:12     | Noticed Rupert
 27135 | D:12     | Noticed Frances
 27145 | D:12     | Killed Frances
 27145 | D:12     | Reached skill level 10 in Spellcasting
 27447 | D:12     | Reached skill level 13 in Fighting
 28044 | Orc:1    | Entered Level 1 of the Orcish Mines
 28413 | Orc:1    | Reached ****** piety under Makhleb
 28805 | Orc:2    | Entered Level 2 of the Orcish Mines
 29012 | Orc:2    | Noticed an orc warlord
 29042 | Orc:2    | Killed an orc warlord
 29736 | Orc:2    | Found a roughly hewn altar of Beogh.
 29806 | Orc:2    | Found a roughly hewn altar of Beogh.
 30160 | Orc:2    | Found a staircase to the Elven Halls.
 30342 | Orc:2    | Found a roughly hewn altar of Beogh.
 30545 | Orc:2    | Found Teahiux's Book Emporium.
 30915 | Orc:2    | Found a roughly hewn altar of Beogh.
 30918 | Orc:2    | Found Foblaenn's Weapon Emporium.
 31012 | Orc:2    | Noticed an orc warlord
 31028 | Orc:2    | Killed an orc warlord
 31028 | Orc:2    | Reached skill level 14 in Fighting
 31275 | Orc:2    | Found Naapumaote's Antique Armour Shop.
 31275 | Orc:2    | Found a roughly hewn altar of Beogh.
 31278 | Orc:2    | Found Oqezo's Antique Weapon Boutique.
 31296 | Orc:2    | Bought a runed buckler for 180 gold pieces
 31525 | D:13     | Reached skill level 1 in Shields
 32755 | D:13     | Reached skill level 5 in Shields
 34053 | D:14     | Reached XP level 16. HP: 122/134 MP: 12/30
 34379 | D:14     | Found a gate to the Vaults.
 34473 | D:14     | Found an iron altar of Okawaru.
 34673 | D:14     | Reached skill level 15 in Fighting
 34892 | D:14     | Noticed Snorg
 35071 | D:14     | Killed Snorg
 35581 | D:15     | Entered Level 15 of the Dungeon
 35584 | D:15     | Noticed Azrael
 35597 | D:15     | Killed Azrael
 35719 | D:15     | Noticed Kirke
 35864 | D:14     | Killed Kirke
 36881 | D:15     | Found a blossoming altar of Fedhas.
 37249 | D:15     | Found a staircase to the Depths.
 37725 | D:15     | Got a fine demon blade
 37726 | D:15     | Identified the +6 demon blade of Destruction {elec, rF+} (You acquired it on level 15 of the Dungeon)
 37904 | D:12     | Killed Rupert
 38130 | Swamp:1  | Entered Level 1 of the Swamp
 38539 | Swamp:1  | Reached skill level 16 in Fighting
 39012 | Swamp:2  | Paralysed by a hornet for 2 turns
 39022 | Swamp:2  | Paralysed by a hornet for 3 turns
 39264 | Swamp:2  | Got a shimmering iron ring
 39266 | Swamp:2  | Identified the ring "Dicwi" {rN++ Str+5} (You found it on level 2 of the Swamp)
 39409 | Swamp:2  | Learned a level 6 spell: Freezing Cloud
 39471 | Swamp:2  | Reached skill level 1 in Air Magic
 40376 | Swamp:3  | Got a crude robe
 40391 | Swamp:3  | Identified the +1 robe "Ycveqis" {rN+ SInv} (You found it on level 3 of the Swamp)
 40416 | Swamp:3  | Reached XP level 17. HP: 146/146 MP: 31/31
 40573 | Swamp:3  | Noticed Nikola
 40594 | Swamp:3  | Killed Nikola
 41065 | Swamp:4  | Entered Level 4 of the Swamp
 41384 | Swamp:4  | Paralysed by a hornet for 1 turns
 43075 | Swamp:4  | Noticed Jorgrun
 43085 | Swamp:4  | Killed Jorgrun
 43615 | Swamp:4  | Got a decaying rune of Zot
 43972 | Elf:1    | Entered Level 1 of the Elven Halls
 44680 | Elf:1    | Reached skill level 10 in Air Magic
 44810 | Elf:1    | Found Ravipp's Distillery.
 45199 | Elf:1    | Found Gulec's Magic Scroll Shop.
 45291 | Elf:1    | Reached XP level 18. HP: 153/153 MP: 12/32
 45611 | Elf:1    | Reached skill level 17 in Fighting
 46363 | Elf:2    | Found a bloodstained altar of Trog.
 46560 | Elf:2    | Reached skill level 15 in Dodging
 47088 | Elf:2    | Found a huge runed gate.
 47088 | Elf:2    | Found a huge runed gate.
 47088 | Elf:2    | Found a huge runed gate.
 47089 | Elf:2    | Found a huge runed gate.
 47164 | Elf:2    | Found a huge runed gate.
 47322 | Elf:2    | Found Cishrimee's Armour Emporium.
 47322 | Elf:2    | Found Isaaca's Food Emporium.
 47322 | Elf:2    | Found Leqiq's Armour Emporium.
 47421 | Elf:2    | Found Syatiah's Weapon Emporium.
 49088 | Elf:2    | Reached skill level 1 in Charms
 49572 | Elf:2    | Bought a +0 helmet of intelligence for 241 gold pieces
 49589 | Elf:2    | Bought a +1 cloak of poison resistance for 270 gold pieces
 49627 | Elf:1    | Bought a scroll of teleportation for 54 gold pieces
 49645 | Elf:1    | Bought a potion of haste for 140 gold pieces
 49645 | Elf:1    | Bought a potion of curing for 42 gold pieces
 49645 | Elf:1    | Bought a potion of agility for 56 gold pieces
 49862 | D:5      | Bought 2 potions of heal wounds for 100 gold pieces
 49862 | D:5      | Bought 2 potions of heal wounds for 100 gold pieces
 50113 | Spider:1 | Entered Level 1 of the Spider Nest
 51296 | Spider:2 | Noticed Donald
 51302 | Spider:2 | Killed Donald
 52536 | Spider:3 | Reached XP level 19. HP: 161/161 MP: 35/35
 52636 | Spider:3 | Noticed Arachne
 52657 | Spider:3 | Killed Arachne
 52727 | Spider:3 | Reached skill level 18 in Fighting
 54019 | Spider:4 | Entered Level 4 of the Spider Nest
 54473 | Spider:4 | Reached skill level 19 in Fighting
 55480 | Spider:4 | Reached skill level 20 in Fighting
 56173 | Spider:4 | Got a gossamer rune of Zot
 56218 | Spider:4 | Reached skill level 15 in Ice Magic
 56950 | Vaults:1 | Entered Level 1 of the Vaults
 57621 | Vaults:1 | Reached XP level 20. HP: 176/176 MP: 5/36
 58395 | Vaults:1 | Got a brightly glowing robe
 58407 | Vaults:1 | Identified the +1 robe of Exclusion {rN+ rCorr} (You found it on level 1 of the Vaults)
 60007 | Vaults:2 | Found a staircase to the Crypt.
 60524 | Vaults:2 | Reached skill level 21 in Fighting
 60692 | Vaults:2 | Reached XP level 21. HP: 187/187 MP: 25/37
 61013 | Vaults:2 | Reached skill level 22 in Fighting
 62212 | Vaults:3 | Found Ovinus's Distillery.
 63841 | Vaults:4 | Reached XP level 22. HP: 198/198 MP: 17/38
 64237 | Vaults:4 | Reached skill level 23 in Fighting
 64873 | Vaults:4 | Found Xeir's General Store.
 65289 | Vaults:4 | Found a portal to a secret trove of treasure.
 66262 | Elf:3    | Entered Level 3 of the Elven Halls
 66345 | Elf:3    | Reached skill level 24 in Fighting
 67493 | Elf:3    | Reached XP level 23. HP: 209/209 MP: 35/40
 67539 | Elf:3    | Got an uncursed twisted rapier {freeze}
 67729 | Elf:3    | Got a transparent pewter amulet
 67730 | Elf:3    | Identified the amulet "Wixigruc" {RegenMP rN+} (You found it on level 3 of the Elven Halls)
 67759 | Elf:3    | Noticed Saint Roka
 67795 | Elf:3    | Killed Saint Roka
 68011 | Elf:3    | Learned a level 3 spell: Regeneration
 68015 | Elf:3    | Learned a level 3 spell: Spectral Weapon
 68075 | Elf:3    | Got an ancient ring mail
 68086 | Elf:3    | Identified the +1 ring mail of Ohiytioscha {Slay+3} (You found it on level 3 of the Elven Halls)
 68169 | Elf:3    | Found Ymmeh's Jewellery Boutique.
 68171 | Elf:3    | Found Ysedghiyq's Gadget Emporium.
 68171 | Elf:3    | Found Numuk's Gadget Emporium.
 68375 | Elf:3    | Found a radiant altar of Vehumet.
 68760 | Crypt:1  | Entered Level 1 of the Crypt
 68849 | Crypt:1  | Noticed Mara
 68869 | Crypt:1  | Noticed removed's illusion
 68901 | Crypt:1  | Found a magical portal.
 68927 | WizLab   | Entered Lehudib's Moon Base
 68964 | WizLab   | Reached skill level 15 in Long Blades
 69744 | WizLab   | Got an encrusted quarterstaff
 70041 | WizLab   | Paralysed by accursed screaming for 1 turns
 70425 | WizLab   | Found a transporter.
 70586 | WizLab   | Found a transporter.
 70640 | WizLab   | Identified Lehudib's Incunabulum of Displaced Clay
 70715 | Crypt:1  | Noticed Jory
 70766 | Crypt:1  | Killed Jory
 70868 | Crypt:1  | Reached skill level 15 in Spellcasting
 71168 | Crypt:1  | Noticed removed's illusion
 71425 | Crypt:1  | Paralysed by a vampire knight for 7 turns
 71433 | Crypt:1  | Noticed removed's illusion
 71470 | Crypt:1  | Killed Mara
 71682 | Crypt:2  | Paralysed by something for 5 turns
 72016 | Crypt:2  | Reached XP level 24. HP: 214/217 MP: 43/43
 72582 | Crypt:3  | Entered Level 3 of the Crypt
 72908 | Crypt:2  | Reached skill level 1 in Armour
 73316 | Crypt:3  | Found a staircase to the Tomb.
 73452 | Crypt:3  | Reached skill level 5 in Armour
 74027 | Crypt:3  | Found an ancient bone altar of Kikubaaqudgha.
 74066 | Crypt:3  | Reached skill level 25 in Fighting
 74148 | Crypt:3  | Got a steaming iron ring
 74150 | Crypt:3  | Identified the ring "Fefeodgh" {*Corrode rPois rN+ Str+8 Stlth+} (You found it on level 3 of the Crypt)
 74153 | Crypt:3  | Got a bound platinum ring
 74154 | Crypt:3  | Identified the ring "Xidgheid" {rElec rF- rN+ MR+} (You found it on level 3 of the Crypt)
 74159 | Crypt:3  | Identified the Almanac of Necromancy
 75296 | Elf:3    | Bought an uncursed ring of protection from cold for 400 gold pieces
 75399 | Orc:2    | Bought a demon blade for 375 gold pieces
 75608 | Depths:1 | Entered Level 1 of the Depths
 75831 | Depths:1 | Reached skill level 26 in Fighting
 75874 | Depths:1 | Found a runed door.
 76009 | Depths:1 | Found a gateway to Hell.
 76500 | Depths:1 | Reached XP level 25. HP: 230/230 MP: 43/43
 76582 | Hell     | Entered the Vestibule of Hell
 76582 | Hell     | Noticed Geryon
 76611 | Depths:1 | Gained mutation: Your magical capacity is low. (-10% MP) [a cacodemon]
 76616 | Depths:1 | Gained mutation: Scrolls take you a little longer to read. [a cacodemon]
 76838 | Depths:1 | Gained mutation: You are dopey. (Int -2) [potion of mutation]
 76838 | Depths:1 | Lost mutation: You are dopey. (Int -2) [potion of mutation]
 76839 | Depths:1 | Lost mutation: Scrolls take you a little longer to read. [potion of mutation]
 76839 | Depths:1 | Lost mutation: Your magical capacity is low. (-10% MP) [potion of mutation]
 76839 | Depths:1 | Gained mutation: You have a pair of small antennae on your head. [potion of mutation]
 76839 | Depths:1 | Gained mutation: You are clumsy. (Dex -2) [potion of mutation]
 76839 | Depths:1 | Gained mutation: Your muscles are strong. (Str +2) [potion of mutation]
 76840 | Depths:1 | Lost mutation: You are clumsy. (Dex -2) [potion of mutation]
 76840 | Depths:1 | Lost mutation: Your muscles are strong. (Str +2) [potion of mutation]
 76840 | Depths:1 | Lost mutation: You have a pair of small antennae on your head. [potion of mutation]
 76840 | Depths:1 | Gained mutation: You are surrounded by a mild repulsion field. (EV +2) [potion of mutation]
 76840 | Depths:1 | Gained mutation: Your flesh is cold resistant. (rC+) [potion of mutation]
 76840 | Depths:1 | Gained mutation: Your system is resistant to poisons. (rPois) [potion of mutation]
 76840 | Depths:1 | Gained mutation: Your mind is acute. (Int +2) [potion of mutation]
 76878 | Hell     | Killed Geryon
 77179 | Vaults:4 | You paid a toll of the horn of Geryon to enter a treasure trove
 77180 | Trove    | Entered a treasure trove
 77211 | Trove    | Got a heavy robe
 77214 | Trove    | Identified the +2 robe of Greed {rC+ Stlth+} (You found it in a treasure trove)
 77258 | Trove    | Got a sparkling iron amulet
 77260 | Trove    | Got a slimy ruby amulet
 77275 | Trove    | Identified the amulet "Pugudwext" {*Slow +Rage rF++ Int+2} (You found it in a treasure trove)
 77276 | Trove    | Identified the amulet "Tung" {Harm *Drain Str+2 Dex+6} (You found it in a treasure trove)
 78583 | Depths:2 | Learned a level 2 spell: Blink
 78900 | Depths:2 | Found a deep blue altar of Sif Muna.
 79281 | Depths:3 | Found a one-way gate leading to the halls of Pandemonium.
 79575 | Depths:3 | Found a bloodstained altar of Trog.
 79575 | Depths:3 | Found a white marble altar of Elyvilon.
 79576 | Depths:3 | Found a glowing golden altar of the Shining One.
 79607 | Depths:3 | Paralysed by a great orb of eyes for 2 turns
 79782 | Depths:3 | Got a pitted bone amulet
 79789 | Depths:3 | Identified the amulet of Brilliance {+Inv rC++ Regen+} (You took it off a fire giant on level 3 of the Depths)
 80083 | Depths:3 | Found the +0 Maxwell's etheric cage {RegenMP+ *Contam rElec MP+4}
 80242 | Depths:3 | Noticed an ancient lich
 80262 | Depths:3 | Killed an ancient lich
 80336 | Depths:3 | Reached XP level 26. HP: 238/238 MP: 43/43
 80450 | Depths:3 | Got a blackened dagger {pierce}
 80514 | Depths:3 | Reached skill level 5 in Charms
 80626 | Depths:3 | Learned a level 6 spell: Deflect Missiles
 81017 | Depths:4 | Found Folasip's General Store.
 81097 | Depths:4 | Paralysed by a floating eye for 3 turns
 81106 | Depths:4 | Paralysed by a floating eye for 4 turns
 81109 | Depths:4 | Demolished by an ettin

Skill      XL: |  1  2  3  4  5  6  7  8  9 10 11 12 13 14 15 16 17 18 19 20 21 22 23 24 25 26 |
---------------+-------------------------------------------------------------------------------+-----
Conjurations   | 2 3 4 8 10 11 12 | 12.0
Poison Magic   | 4 5 6 8 |  8.1
Spellcasting   | 4 6 8 10 12 13 16 | 16.7
Fighting       | 2 4 7 9 10 12 14 16 17 20 21 22 24 26 | 26.1
Dodging        | 4 7 11 12 13 14 16 18 20 21 24 | 24.5
Long Blades    | 7 12 14 16 | 16.1
Ice Magic      | 5 8 10 12 14 15 16 | 16.0
Shields        | 5 |  5.2
Air Magic      | 4 10 | 10.0
Charms         | 4 7 |  7.3
Armour         | 6 |  6.0
Stealth        | |  1.7

Action                   |  1- 3 |  4- 6 |  7- 9 | 10-12 | 13-15 | 16-18 | 19-21 | 22-24 | 25-27 || total
-------------------------+-------+-------+-------+-------+-------+-------+-------+-------+-------++-------
Melee: Short sword       |     2 |       |       |       |       |       |       |       |       ||     2
       Spear             |     4 |       |       |       |       |       |       |       |       ||     4
       Trident           |       |    21 |    47 |       |       |       |       |       |       ||    68
       Whip              |       |    14 |       |       |       |       |       |       |       ||    14
       Long sword        |       |       |    60 |       |       |       |       |       |       ||    60
       Staff             |       |       |    14 |     6 |    32 |    20 |       |     8 |       ||    80
       Scimitar          |       |       |    30 |   373 |   807 |   250 |       |       |       ||  1460
       Demon blade       |       |       |       |       |       |   853 |  1669 |  1855 |  1310 ||  5687
       Unarmed           |       |       |       |       |       |    17 |       |       |       ||    17
       Double sword      |       |       |       |       |       |       |       |   283 |       ||   283
 Cast: Sting             |    77 |    85 |    67 |    39 |    25 |     4 |       |       |       ||   297
       Poisonous Vapours |     2 |    43 |   119 |   184 |   734 |   267 |    24 |     6 |       ||  1379
       Mephitic Cloud    |       |     1 |     5 |    14 |    20 |    14 |       |       |       ||    54
       Ozocubu's Armour  |       |       |       |    13 |    52 |   115 |    76 |   114 |    54 ||   424
       Throw Icicle      |       |       |       |    36 |   131 |   303 |    49 |    39 |     5 ||   563
       Venom Bolt        |       |       |       |       |    24 |    71 |    81 |     5 |       ||   181
       Freezing Cloud    |       |       |       |       |       |    21 |    43 |    62 |     2 ||   128
       Swiftness         |       |       |       |       |       |       |       |     1 |       ||     1
       Regeneration      |       |       |       |       |       |       |       |     5 |    27 ||    32
       Spectral Weapon   |       |       |       |       |       |       |       |     1 |    22 ||    23
       Blink             |       |       |       |       |       |       |       |       |     1 ||     1
 Abil: Hop               |       |     1 |     1 |     4 |     7 |     4 |     3 |     6 |     4 ||    30
       Evoke Berserk Rag |       |       |       |       |     1 |       |       |       |       ||     1
Evoke: Wand              |       |     4 |    13 |     9 |     8 |     1 |       |     2 |       ||    37
  Use: Potion            |       |     5 |       |       |     2 |     3 |       |     3 |     4 ||    17
       Scroll            |       |    10 |     5 |    11 |     6 |    16 |     2 |    14 |     9 ||    73
 Stab: Distracted        |       |       |       |     1 |       |       |     2 |       |     6 ||     9
       Confused          |       |       |       |     4 |    10 |     1 |       |       |       ||    15
       Sleeping          |       |       |       |       |     1 |       |     2 |     1 |       ||     4
  Eat: Chunk             |     4 |    13 |    14 |    30 |    51 |    56 |    45 |    25 |    12 ||   250
       Ration            |       |       |     2 |     1 |     6 |    10 |     5 |    14 |     2 ||    40
Armor: Robe              |     3 |    17 |    40 |   104 |   277 |   287 |   313 |   128 |       ||  1169
       Leather armour    |       |       |       |    28 |       |       |       |       |       ||    28
       Skin              |       |       |       |       |       |     1 |       |       |       ||     1
       Troll leather arm |       |       |       |       |       |       |       |   284 |   380 ||   664
Dodge: Dodged            |    17 |    58 |   190 |   319 |   852 |  1190 |  1268 |  1429 |  1275 ||  6598
       Deflected         |       |       |     8 |     9 |       |       |       |       |       ||    17
Block: Other             |       |       |       |       |    26 |     1 |       |       |       ||    27
       Buckler           |       |       |       |       |    64 |   643 |   662 |   498 |   365 ||  2232
       Reflection        |       |       |       |       |     3 |    26 |    47 |    11 |       ||    87
       Rpst.: Long sword |       |       |    20 |       |       |       |       |       |       ||    20
       Scimitar          |       |       |     9 |    71 |   172 |    30 |       |       |       ||   282
       Demon blade       |       |       |       |       |       |   148 |   250 |   265 |   201 ||   864
       Double sword      |       |       |       |       |       |       |       |    32 |       ||    32
